AoeStats
← Deine Mudda

MegaRandom

509702829Analyzed
2v2 RM · 20d ago on Sep 27, 2026· 33m 18s· 4 players
Game mode
Random Map
Map size
Medium (4 player)
Population
200
Speed
Normal
Resources
Standard
Victory
Conquest
Starting age
Dark Age
Ending age
Imperial Age
RankedLock teamsTeams togetherTeam positionsShared explorationLock speedFull tech treeHidden civsTurbo modeCheats
Victory
Defeat
🇩🇪 Mongols · Germany
1181
+17
🇩🇪 Romans · Germany
1178
+16
vs
🇷🇺 Saxons · Russia
1205
-17
🇷🇺 Franks · Russia
1185
-16
Deine Mudda
0:36 Loom
10:53 Feudal Age
11:34 Man-at-Arms
13:21 Scale Mail Armor
25:07 Castle Age
23:15 Horse Collar
24:22 Double-Bit Axe
25:28 Gold Mining
25:23 Long Swordsman
26:49 Pikeman
28:06 Squires
28:59 Chain Mail Armor
Gr8 B8 M8!
0:33 Loom
9:55 Feudal Age
11:40 Double-Bit Axe
19:05 Fletching
21:25 Horse Collar
27:33 Castle Age
25:49 Padded Archer Armor
27:50 Crossbowman
28:31 Bodkin Arrow
30:40 Leather Archer Armor
31:23 Bow Saw
32:10 Wheelbarrow
Saladin
0:36 Loom
10:25 Feudal Age
10:39 Man-at-Arms
11:51 Forging
15:04 Double-Bit Axe
17:28 Gold Mining
22:30 Castle Age
22:18 Arson
23:53 Squires
23:42 Horse Collar
24:17 Bow Saw
25:49 Stone Mining
31:00 Scale Mail Armor
32:11 Chain Mail Armor
hadji_andiyskiy
0:57 Loom
11:29 Feudal Age
17:16 Forging
19:53 Double-Bit Axe
25:31 Castle Age
28:34 Stone Mining
31:43 Scale Mail Armor
Connection lost

Rejoining the realm…

Still unreachable

The connection could not be restored.

Session expired

The server has moved on; the page needs a fresh start.